 Dungeon Crawl Stone Soup version 0.30.1-11-g7821555f0a (webtiles) character file.

Game seed: 318826401675873093

3948 lonewolfV2 the Cleaver (level 10, -6/76 HPs)
             Began as a Formicid Fighter on Nov 15, 2023.
             Was an Initiate of Qazlal.
             Mangled by a demonic crawler (12 damage)
             ... on level 1 of the Abyss.
             The game lasted 00:12:33 (7435 turns).

lonewolfV2 the Cleaver (Formicid Fighter)           Turns: 7435, Time: 00:12:34

Health: -6/76      AC: 15    Str: 27    XL:     10   Next: 44%
Magic:  10/10      EV:  8    Int:  8    God:    Qazlal [......]
Gold:   256        SH: 12    Dex: 17    Spells: 9/9 levels left

rFire   . . .        j - +0 battleaxe
rCold   . . .        s - +0 kite shield
rNeg    . . .        v - +0 chain mail
rPois   .            (helmet unavailable)
rElec   .            k - +2 cloak
rCorr   .            (no gloves)
SInv    +            h - +0 pair of boots
Will    ++...        (no amulet) Stlth
                     e - +6 ring of strength
HPRegen 0.32/turn    i - ring of willpower
MPRegen 0.12/turn

%: no passive effects
@: no status effects
A: permanent stasis, dig shafts and tunnels, antennae 3, four strong arms
a: Dig, Shaft Self, Renounce Religion


You were on level 1 of the Abyss.
You worshipped Qazlal.
Qazlal was noncommittal.
You visited 2 branches of the dungeon, and saw 8 of its levels.
You visited the Abyss 1 time.

You collected 256 gold pieces.

Inventory:

Hand Weapons
 b - the +27 heavy crossbow "Sniper" {heavy, Acc+∞ SInv}
   (You found it on level 7 of the Dungeon)

   Acc+∞: It never misses its target.
   SInv:      It lets you see invisible.
 j - a +0 battleaxe (weapon)
Missiles
 p - a throwing net
Armour
 h - a +0 pair of boots (worn)
 k - a +2 cloak (worn)
 s - a +0 kite shield (worn)
 v - a +0 chain mail (worn)
Jewellery
 e - a +6 ring of strength (left hand)
 i - a ring of willpower (right hand)
 t - a ring of willpower
Wands
 l - a wand of polymorph (19)
 q - a wand of flame (29)
Scrolls
 c - a scroll of amnesia {unknown}
Potions
 a - a potion of ambrosia {unknown}
 d - 3 potions of might
 g - a potion of cancellation
 m - a potion of lignification
 n - a potion of brilliance
 o - a potion of magic


   Skills:
 - Level 6.2 Fighting
 * Level 9.9 Axes
 - Level 8.2 Armour
 + Level 9.7 Shields


You had 9 spell levels left.
You didn't know any spells.
Your spell library contained the following spells:

 Spells                   Type           Power      Damage    Failure   Level
 Beastly Appendage        Tmut           0%         N/A       96%         1
 Kiss of Death            Conj/Necr      0%         2d5       96%         1
 Necrotise                Necr           0%         1d4       96%         1
 Shock                    Conj/Air       0%         1d3       96%         1
 Cigotuvi's Dreadful Rot  Necr/Pois/Air  0%         N/A       99%         2
 Sublimation of Blood     Necr           0%         N/A       99%         2
 Wereblood                Tmut           0%         N/A       99%         2
 Gell's Gravitas          Tloc           0%         N/A       100%        3
 Ignite Poison            Fire/Tmut/Pois 0%         N/A       100%        3
 Spider Form              Tmut/Pois      0%         N/A       100%        3
 Teleport Other           Tloc           0%         N/A       100%        3
 Airstrike                Air            0%         2d(0-16)  100%        4
 Cause Fear               Hex            0%         N/A       100%        4
 Sticky Flame             Conj/Fire      0%         2d3       100%        4
 Dispersal                Tloc           0%         N/A       100%        6
 Dragon Form              Tmut           0%         N/A       100%        7
 Ignition                 Fire           0%         3d3       100%        8
 Dragon's Call            Summ           0%         N/A       100%        9
 Swiftness                Air            Unusable   N/A       N/A         3

Dungeon Overview and Level Annotations

Branches:
Dungeon (7/15)             Temple (1/1) D:5

Altars:
Ashenzari
Cheibriados
Fedhas
Hepliaklqana
Kikubaaqudgha
Makhleb
Okawaru
Qazlal
Sif Muna
Trog
Uskayaw
Vehumet
Wu Jian
Xom
Yredelemnul
Zin

Shops:
D:6 *(=


Innate Abilities, Weirdness & Mutations

You cannot be hasted, slowed, berserked, paralysed or teleported.
You can dig through walls and to a lower floor.
You have a pair of large antennae on your head. (SInv)
Your four strong arms can wield two-handed weapons with a shield.


Message History

A large abomination is nearby!
The large abomination hits you!
You slash the large abomination!
The large abomination is moderately damaged.
You block the large abomination's attack.
You slice the large abomination!!
The large abomination is severely damaged.
The large abomination hits you!!
* * * LOW HITPOINT WARNING * * *
The large abomination hits you.
* * * LOW HITPOINT WARNING * * *
You slice the large abomination!!
You destroy the large abomination!
Qazlal accepts your kill.
A demonic crawler comes into view.
You feel better.
You start resting.
You feel a little less mighty now.
You start resting.
You sense a monster nearby.
You start resting.
You sense a monster nearby.
You start resting.
A demonic crawler is nearby!
The demonic crawler gives a hideous shriek!
You slash the demonic crawler!
The demonic crawler is moderately wounded.
You block the demonic crawler's attack.
The demonic crawler hits you but does no damage.
The demonic crawler hits you. You block the demonic crawler's attack.
The demonic crawler hits you but does no damage.
The demonic crawler hits you!
* * * LOW HITPOINT WARNING * * *
You barely miss the demonic crawler.
The demonic crawler is lightly wounded.
The demonic crawler hits you but does no damage.
The demonic crawler hits you!
* * * LOW HITPOINT WARNING * * *
The demonic crawler hits you!
You die...

# . #. ..~ . # .. #
..~ ... . . . # .
#..... .#.. #.####.
..# ...##.))_.. .# {
#.# ...)...∩.#
#.....))...#####.###
## #.# ##....#....#
. ...# .##..@s...##
.#.. # .#....#..#.
.. .. ##..##.......#
.#. .......####..##
. #.. ..##.#.#...
..# ..... ##.### #
#...## . #. .


You could see a demonic crawler.

Vanquished Creatures
  A large abomination (Abyss:1)
  A kobold demonologist (Abyss:1)
  Prince Ribbit (D:6)
  Sigmund (D:2)
  Duvessa (D:4)
  A water moccasin (D:5)
  2 ice beasts
  A small abomination (Abyss:1)
  A centaur (D:6)
  A phantom (D:4)
  3 kobold brigands
  A bullfrog (D:7)
  A wyvern zombie (D:6)
  3 necrophages (D:6)
  2 scorpions
  A water moccasin zombie (D:6)
  Dowan (D:4)
  5 wights
  2 centaur zombies (D:6)
  2 howler monkeys
  3 hounds
  A human zombie (D:6)
  3 jellies
  2 gnoll boudas (D:5)
  4 iguanas
  An orc priest (D:6)
  Jessica (D:3)
  Ijyb (D:3)
  6 orc wizards
  A mummy (D:6)
  2 howler monkey zombies (D:6)
  6 adders
  18 gnolls
  A white imp (D:7)
  2 ufetubi (D:6)
  2 worms (D:3)
  2 dart slugs (D:3)
  19 orcs
  4 bats
  4 endoplasms
  3 giant cockroaches
  4 goblins
  3 hobgoblins
  8 jackals
  10 kobolds
  5 quokkas
  A ball python (D:4)
  4 rats
153 creatures vanquished.

Vanquished Creatures (others)
  A gnoll sergeant (D:6)
  A gnoll (D:6)
2 creatures vanquished.

Grand Total: 155 creatures vanquished

Notes
Turn   | Place    | Note
-------+----------+-------------------------------------------
     0 | D:1      | lonewolfV2 the Formicid Fighter began the quest for the
                  | Orb.
     0 | D:1      | Reached XP level 1. HP: 18/18 MP: 1/1
   162 | D:1      | Reached XP level 2. HP: 24/24 MP: 2/2
   495 | D:2      | Found a faded altar of an unknown god.
   575 | D:2      | Prayed at the altar of an unknown god.
   575 | D:2      | Became a worshipper of Kikubaaqudgha
   575 | D:2      | Reached * piety under Kikubaaqudgha
   575 | D:2      | Received a gift from Kikubaaqudgha
   578 | D:2      | Fell from the grace of Kikubaaqudgha
   701 | D:2      | Reached XP level 3. HP: 25/30 MP: 3/3
   943 | D:2      | Noticed Sigmund
   957 | D:2      | Killed Sigmund
   958 | D:2      | Reached skill level 5 in Armour
   958 | D:2      | Reached XP level 4. HP: 33/38 MP: 4/4
   958 | D:2      | Reached XP level 5. HP: 38/43 MP: 5/5
  1370 | D:3      | Noticed Ijyb
  1390 | D:3      | Killed Ijyb
  1391 | D:3      | Reached XP level 6. HP: 38/50 MP: 6/6
  2004 | D:3      | Noticed Jessica
  2009 | D:3      | Killed Jessica
  2010 | D:3      | Reached skill level 5 in Fighting
  2333 | D:4      | Noticed Dowan
  2335 | D:4      | Noticed Duvessa
  2339 | D:4      | Killed Dowan
  2347 | D:4      | Killed Duvessa
  2348 | D:4      | Reached XP level 7. HP: 7/56 MP: 7/7
  3009 | D:4      | Found a glowing silver altar of Zin.
  3459 | D:4      | Found a bloodstained altar of Trog.
  3614 | D:5      | Entered Level 5 of the Dungeon
  3956 | D:5      | Reached XP level 8. HP: 35/64 MP: 8/8
  4065 | D:5      | Was forgiven by Kikubaaqudgha
  4289 | D:5      | Reached skill level 5 in Shields
  4621 | D:5      | Found a blossoming altar of Fedhas.
  4682 | D:5      | Found a burning altar of Makhleb.
  4829 | D:5      | Found a staircase to the Ecumenical Temple.
  4869 | D:5      | Identified the +1 pair of boots of the World {rElec rC-
                  | Int+4 Dex-5}
  4915 | Temple   | Entered the Ecumenical Temple
  5265 | D:6      | Reached skill level 5 in Axes
  5346 | D:6      | Reached XP level 9. HP: 69/69 MP: 9/9
  5399 | D:6      | Found a basalt altar of Yredelemnul.
  5757 | D:6      | Found Ceokku's Weapon Shoppe.
  5760 | D:6      | Found Mush's Jewellery Shoppe.
  5760 | D:6      | Found Tixkuu Zaile's Assorted Antiques.
  5883 | D:6      | Found a shimmering blue altar of Sif Muna.
  6266 | D:6      | Found a stormy altar of Qazlal.
  6272 | D:6      | Became a worshipper of Qazlal Stormbringer
  6318 | D:6      | Noticed Prince Ribbit
  6343 | D:6      | Killed Prince Ribbit
  6867 | D:7      | Found the +27 heavy crossbow "Sniper" {heavy, Acc+∞ SInv}
  6918 | D:7      | Reached XP level 10. HP: 24/76 MP: 10/10
  7321 | D:7      | Found a radiant altar of Vehumet.
  7345 | Abyss:1  | Found a corrupted altar of Lugonu.
  7345 | Abyss:1  | Cast into level 1 of the Abyss (gnoll sergeant)
  7369 | Abyss:1  | Noticed a kobold demonologist
  7391 | Abyss:1  | Killed a kobold demonologist
  7404 | Abyss:1  | Noticed a large abomination
  7409 | Abyss:1  | Killed a large abomination
  7409 | Abyss:1  | Noticed a demonic crawler
  7435 | Abyss:1  | Mangled by a demonic crawler

Illustrated notes

Levels and vault maps discovered:
D:1:      minmay_arrival_diagonal_passages, layout_basic
D:2:      layout_basic, shapermc_ecumenical_altar_pompeii, uniq_sigmund
D:3:      layout_basic, uniq_ijyb, uniq_jessica
D:4:      layout_gridville, zin_scriptorium, marbit_many_paths, uniq_duvessa
D:5:      layout_basic, mainiacjoe_overflow_surrounded_room,
          mainiacjoe_overflow_alcove_4, minmay_temple_entry_butterflies
D:6:      layout_loops_corners, grunt_qazlal_clouds,
          mainiacjoe_overflow_brackets, lemuel_mausoleum_altar_yredelemnul,
          hangedman_decor_riveting, nicolae_shop_distant_corner_stores,
          uniq_prince_ribbit1
D:7:      layout_basic, nicolae_tso_swordbearing_angel,
          nicolae_overflow_crystal_walls
Temple:   hellmonk_temple_of_storms
Abyss:1:  base:
D:6

Skill      XL: |  1  2  3  4  5  6  7  8  9 10 |
---------------+-------------------------------+-----
Armour         | 4 5 6 7 8 |  8.2
Fighting       | 4 5 6 |  6.2
Axes           | 5 8 9 |  9.9
Shields        | 6 8 9 |  9.7

Action                     |  1- 3 |  4- 6 |  7- 9 | 10-12 || total
---------------------------+-------+-------+-------+-------++-------
  Melee: War axe           |    67 |    77 |    87 |       ||   231
         Battleaxe         |       |       |   251 |    37 ||   288
 Invoke: Renounce Religion |     1 |       |       |       ||     1
    Use: Scroll            |     3 |     5 |     7 |       ||    15
         Potion            |       |     1 |     2 |     5 ||     8
 Armour: Scale mail        |    40 |    29 |   184 |       ||   253
         Skin              |       |     5 |       |       ||     5
         Chain mail        |       |       |    13 |    24 ||    37
  Dodge: Dodged            |    37 |    28 |   171 |    18 ||   254
  Block: Buckler           |    26 |    21 |   130 |       ||   177
         Kite shield       |       |       |    46 |    32 ||    78
